 Dungeon Crawl Stone Soup version 0.24.0-1-gfbc8707122 (webtiles) character file.

Game seed: 3268885636852523583, levelgen mode: deterministic

165 Monsterracer the Ruffian (level 5, -5/40 HPs)
             Began as a Ghoul Arcane Marksman on Oct 27, 2019.
             Was an Initiate of Ru.
             Slain by Grinder (9 damage)
             ... while paralysed by Grinder
             ... on level 3 of the Dungeon.
             The game lasted 00:02:14 (2191 turns).

Monsterracer the Ruffian (Ghoul Arcane Marksman)    Turns: 2191, Time: 00:02:15

Health: -5/40      AC:  2    Str: 15    XL:     5   Next: 46%
Magic:  5/5        EV:  2    Int:  8    God:    Ru [......]
Gold:   90         SH:  0    Dex:  9    Spells: 5/6 levels left

rFire    . . .     SeeInvis .     - Unarmed
rCold    + . .     Gourm    .   (no shield)
rNeg     + + +     Faith    .   a - +0 robe
rPois    ∞         Spirit   .   (no helmet)
rElec    .         Reflect  .   (no cloak)
rCorr    .         Harm     .   (no gloves)
MR       .....                  (no boots)
Stlth    +.........             (no amulet)
HPRegen  0.00/turn              (no ring)
MPRegen  0.09/turn              (no ring)

@: paralysed, rotting
A: rotting body, claws 1, carnivore, cold resistance 1, negative energy
resistance 3, inhibited regeneration, torment resistance, unbreathing
a: Renounce Religion


You were on level 3 of the Dungeon.
You worshipped Ru.
Ru was noncommittal.
You were not hungry.

You visited 1 branch of the dungeon, and saw 3 of its levels.

You collected 90 gold pieces.

Inventory:

Armour
 a - a +0 robe (worn)
Scrolls
 i - a scroll of identify {unknown}
 j - a scroll of remove curse {unknown}
 l - 2 scrolls of fear {unknown}
 n - a scroll of amnesia {unknown}
 o - a scroll of immolation {unknown}
Potions
 b - a potion of resistance {unknown}
 e - 2 potions of haste {unknown}
 g - a potion of might {unknown}
 h - a potion of ambrosia {unknown}
 k - 3 potions of degeneration {unknown}
 m - 2 potions of flight {unknown}
 p - 2 potions of invisibility {unknown}
Comestibles
 c - 6 rations
 q - 5 chunks of flesh


   Skills:
 - Level 1.1 Fighting
 - Level 1.7 Throwing
 - Level 1.7 Dodging
 + Level 5.5 Unarmed Combat
 - Level 1.0 Spellcasting
 - Level 2.4 Hexes


You had 5 spell levels left.
You knew the following spells:

 Your Spells              Type           Power        Failure   Level  Hunger
j - Corona                Hex            #......      16%         1    ##.....

Your spell library contained the following spells:

 Spells                   Type           Power        Failure   Level  Hunger
 Slow                     Hex            #.......     22%         2    ###....
 Inner Flame              Hex/Fire       #.......     58%         3    ####...
 Portal Projectile        Hex/Tloc       #.....       58%         3    ####...
 Cause Fear               Hex            #.........   83%         4    #####..
 Leda's Liquefaction      Hex/Erth       #.........   94%         4    #####..


Dungeon Overview and Level Annotations

Branches:
Dungeon (3/15)

Altars:
Hepliaklqana
Makhleb
Qazlal
Ru
Sif Muna

Annotations:
D:3 Grinder


Innate Abilities, Weirdness & Mutations

Your body is rotting away.
You thrive on raw meat.
You are immune to poison.
You have sharp fingernails.
You are carnivorous and can eat meat at any time.
Your flesh is cold resistant. (rC+)
You are immune to negative energy. (rN+++)
You do not regenerate when monsters are visible.
You are immune to unholy pain and torment.
You can survive without breathing.


Message History

No target in view!
Eating one of 11 chunks of flesh.
You eat one of the 11 chunks of flesh.
You feel more resilient.
This raw flesh tastes great!
The leopard gecko is too close now for your liking.
No target in view!
The leopard gecko is too close now for your liking.
The leopard gecko hisses angrily.
There is a shaft here.
The leopard gecko is sucked into a shaft!
The shaft crumbles and collapses.
Found 23 stones.
No target in view!
No target in view!
No target in view!
You see here 23 stones.
An ooze comes into view.
The ooze quivers.
There is a shaft here.
An ooze is nearby!
The ooze closely misses you.
You claw the ooze!
The ooze is severely wounded.
The ooze hits you.
An ooze is nearby!
You barely miss the ooze.
The ooze is severely wounded.
The ooze hits you.
You barely miss the ooze.
The ooze is severely wounded.
The ooze barely misses you.
You claw the ooze!
You kill the ooze!
No target in view!
No target in view!
Found a burning altar of Makhleb.
Found a runed scale mail.
Found a stone staircase leading down.
No target in view!
There is a burning altar of Makhleb here.
Things that are here:
a whip; a robe No target in view!
No target in view!
Found 16 arrows.
You see here a runed scale mail.
You see here 16 arrows.
Grinder comes into view.
Grinder shouts!
Grinder gestures at you.
You suddenly lose the ability to move!
You can move again.
You scratch Grinder but do no damage. Grinder hits you.
You scratch Grinder but do no damage. Grinder barely misses you.
You closely miss Grinder. Grinder closely misses you.
You claw Grinder!
Grinder is moderately wounded.
You closely miss Grinder.
Grinder is moderately wounded.
Grinder hits you!
You scratch Grinder.
Grinder is moderately wounded.
Grinder hits you.
You closely miss Grinder.
Grinder is moderately wounded.
Grinder barely misses you.
You are too injured to fight recklessly!
You claw Grinder!
Grinder is moderately wounded.
Grinder closely misses you.
You claw Grinder!
Grinder is heavily wounded.
Grinder barely misses you.
You completely miss Grinder.
Grinder is heavily wounded.
Grinder hits you!
* * * LOW HITPOINT WARNING * * *
You closely miss Grinder.
Grinder is heavily wounded.
Grinder gestures at you. You resist with significant effort.
Throwing (i - inventory)
d - a throwing net (quivered)
{!f}
Press: ? - help, Shift-Dir - straight line, f - Grinder
Aim: Grinder (heavily wounded) Really fire
d - a throwing net {!f}?
You throw a throwing net {!f}.
The throwing net {!f} closely misses Grinder.
Grinder misses you.
You scratch Grinder.
Grinder is severely wounded.
Grinder gestures at you.
You suddenly lose the ability to move!
Grinder hits you.
* * * LOW HITPOINT WARNING * * *
Grinder hits you.
* * * LOW HITPOINT WARNING * * *
Grinder hits you!
* * * LOW HITPOINT WARNING * * *
Some of the chunks of flesh in your inventory have rotted away.
Grinder says, "I used to sell toenails on the black market."
Grinder hits you!
You die...

#..#####...#...###.
#........#≈#^.^.≈^^
####........^^.^..§§.#
.................#####
####...........##
#..########## #..#
#..# #@.# #5.# #..#
#..# #$.# #..# #..#
#(.#


You could see Grinder.

Vanquished Creatures
  An ogre (D:3)
  Jessica (D:2)
  2 adders (D:2)
  An ooze (D:3)
  A leopard gecko (D:1)
  2 bats (D:1 D:3)
  A giant cockroach (D:2)
  3 goblins (D:1 D:2)
  5 hobgoblins (D:1 D:2)
  3 jackals (D:1)
  A quokka (D:2)
  A ball python (D:1)
  4 frilled lizards (D:1 D:2 D:3)
  2 kobolds (D:1 D:3)
  10 rats (D:1 D:2 D:3)
38 creatures vanquished.

Notes
Turn   | Place    | Note
-------+----------+-------------------------------------------
     0 | D:1      | Monsterracer the Ghoul Arcane Marksman began the quest for
                  | the Orb.
     0 | D:1      | Reached XP level 1. HP: 16/16 MP: 1/1
    75 | D:1      | Reached skill level 1 in Unarmed Combat
   203 | D:1      | Reached XP level 2. HP: 14/23 MP: 2/2
   382 | D:1      | HP: 10/23 [rat (2)]
   384 | D:1      | Reached skill level 2 in Unarmed Combat
   952 | D:2      | Found a hazy altar of Hepliaklqana.
  1126 | D:2      | Found a sacrificial altar of Ru.
  1137 | D:2      | Became a worshipper of Ru the Awakened
  1159 | D:2      | Reached XP level 3. HP: 28/28 MP: 3/3
  1267 | D:2      | Reached skill level 3 in Unarmed Combat
  1584 | D:2      | Noticed Jessica
  1598 | D:2      | Killed Jessica
  1598 | D:2      | Reached skill level 4 in Unarmed Combat
  1598 | D:2      | Reached XP level 4. HP: 21/35 MP: 4/4
  1807 | D:2      | Found a shimmering blue altar of Sif Muna.
  1945 | D:3      | Noticed an ogre
  1962 | D:3      | Killed an ogre
  1962 | D:3      | Reached skill level 5 in Unarmed Combat
  1962 | D:3      | Reached XP level 5. HP: 40/40 MP: 5/5
  2076 | D:3      | Found a stormy altar of Qazlal.
  2128 | D:3      | Found a burning altar of Makhleb.
  2168 | D:3      | Noticed Grinder
  2168 | D:3      | Paralysed by Grinder for 7 turns
  2184 | D:3      | HP: 19/40 [Grinder (9)]
  2187 | D:3      | Paralysed by Grinder for 4 turns
  2189 | D:3      | HP: 13/40 [Grinder (1)]
  2190 | D:3      | HP: 4/40 [Grinder (9)]
  2191 | D:3      | Slain by Grinder

Levels and vault maps discovered:
D:1:      dpeg_arrival_three_smaller_balls, layout_rooms,
          minmay_misc_feat_enclosed, kennysheep_doodads,
          minmay_misc_feat_columns
D:2:      layout_basic, hangedman_ru_absence, led_sif_pool,
          nicolae_overflow_crystal_walls, first_ration, uniq_jessica
D:3:      layout_basic, grunt_qazlal_sundering, bloody_makhleb, uniq_grinder

Skill      XL: |  1  2  3  4 |
---------------+-------------+-----
Unarmed Combat | 1 2 4 5 |  5.5
Fighting       | |  1.1
Throwing       | |  1.7
Dodging        | |  1.7
Spellcasting   | |  1.0
Hexes          | |  2.4

Action                   |  1- 3 |  4- 6 || total
-------------------------+-------+-------++-------
Melee: Unarmed           |   117 |    35 ||   152
Throw: Throwing net      |       |     2 ||     2
       Javelin           |       |     1 ||     1
 Stab: Held in net/web   |       |     3 ||     3
  Eat: Chunk             |    12 |     1 ||    13
Armor: Robe              |    13 |     1 ||    14
Dodge: Dodged            |    59 |    16 ||    75
